 Dungeon Crawl Stone Soup version 0.21-a0-460-g737a915 (webtiles) character file.

97 slep the Slasher (level 4, -1/35 HPs)
             Began as a Demonspawn Monk on Nov 21, 2017.
             Slain by a centaur skeleton (2 damage)
             ... on level 4 of the Dungeon.
             The game lasted 00:06:03 (1257 turns).

slep the Slasher (Demonspawn Monk)                  Turns: 1257, Time: 00:06:04

Health: -1/35      AC:  5    Str: 11    XL:     4   Next: 42%
Magic:  0/4        EV: 13    Int: 12    God:
Gold:   50         SH:  0    Dex: 16    Spells: 3/3 levels left

rFire    . . .     SeeInvis .   a - +0 falchion
rCold    . . .     Gourm    .   (no shield)
rNeg     . . .     Faith    .   i - +0 leather armour (curse)
rPois    .         Spirit   +   (no helmet)
rElec    .         Reflect  .   (no cloak)
rCorr    .         Harm     .   (no gloves)
MR       .....                  (no boots)
Stlth    ++........             (no amulet)
HPRegen  0.11/turn              (no ring)
MPRegen  0.09/turn              (no ring)

@: no status effects
A: yellow scales 1, magic shield
a: no special abilities


You were on level 4 of the Dungeon.
You were not hungry.

You visited 1 branch of the dungeon, and saw 4 of its levels.

You collected 50 gold pieces.

Inventory:

Hand Weapons
 a - a +0 falchion (weapon)
Armour
 b - a +0 robe
 i - a cursed +0 leather armour (worn)
Scrolls
 d - 2 scrolls of teleportation {unknown}
 e - a scroll of blinking {unknown}
 h - a scroll of identify {unknown}
 l - a scroll of immolation {unknown}
Potions
 f - a potion of degeneration {unknown}
 g - a potion of brilliance {unknown}
 j - a potion of curing {unknown}
Comestibles
 c - a bread ration
 k - 3 chunks of flesh


   Skills:
 + Level 3.5 Fighting
 + Level 3.7 Long Blades
 + Level 3.2 Dodging
 + Level 2.4 Stealth


You had 3 spell levels left.
You didn't know any spells.

Dungeon Overview and Level Annotations

Branches:
Dungeon (4/15)
 Temple: D:4-7

Altars:
Ashenzari
Dithmenos
Nemelex Xobeh
Qazlal
The Shining One

Annotations:
D:3 jman's ghost, amateur VSEn


Innate Abilities, Weirdness & Mutations

You are partially covered in yellow scales. (AC +2)
When hurt, damage is shared between your health and your magic reserves.


Message History

The centaur skeleton barely misses you.
You riposte.
You hit the centaur skeleton but do no damage.
The centaur skeleton is heavily damaged.
You hit the centaur skeleton.
The centaur skeleton is severely damaged.
The centaur skeleton barely misses you. The centaur skeleton hits you!
* * * LOW HITPOINT WARNING * * *
You hit the centaur skeleton.
The centaur skeleton is severely damaged.
The centaur skeleton hits you.
* * * LOW HITPOINT WARNING * * *
You hit the centaur skeleton.
The centaur skeleton is severely damaged.
The centaur skeleton hits you but does no damage.
You hit the centaur skeleton.
The centaur skeleton is severely damaged.
The centaur skeleton hits you.
* * * LOW HITPOINT WARNING * * *
The centaur skeleton hits you.
You die...

.....### .!...>..
......## ......#
#....# ###....#
#......#######
#.............
#...##@#######
+....#Z# #....#.#
#....#.# ####.#.#
###########.#..
#........##.#.. .
+........+..#.....
#........#..#.....


You could see a centaur skeleton.

Vanquished Creatures
  6 adders
  2 worms
  A dart slug (D:2)
  An orc (D:4)
  2 ball pythons (D:3)
  4 giant cockroaches
  3 goblins
  4 hobgoblins
  2 kobolds (D:1)
  2 quokkas
  4 bats
  2 frilled lizards
  4 rats
37 creatures vanquished.

Notes
Turn   | Place    | Note
-------+----------+-------------------------------------------
     0 | D:1      | slep the Demonspawn Monk began the quest for the Orb.
     0 | D:1      | Reached XP level 1. HP: 18/18 MP: 1/1
   140 | D:1      | Gained mutation: You are partially covered in yellow scales. (AC +2) [demonic ancestry]
   140 | D:1      | Reached XP level 2. HP: 18/24 MP: 2/2
   218 | D:1      | You fall through a shaft!
   218 | D:2      | Found a glowing golden altar of the Shining One.
   326 | D:2      | Reached XP level 3. HP: 19/29 MP: 3/3
   492 | D:2      | Found a stormy altar of Qazlal.
   738 | D:3      | Found a shadowy altar of Dithmenos.
  1043 | D:3      | Found a sparkling altar of Nemelex Xobeh.
  1043 | D:3      | Found a shattered altar of Ashenzari.
  1136 | D:3      | Noticed jman's ghost (amateur VSEn)
  1197 | D:4      | Gained mutation: When hurt, damage is shared between your health and your magic reserves. [demonic ancestry]
  1197 | D:4      | Reached XP level 4. HP: 28/35 MP: 4/4
  1257 | D:4      | HP: 1/35 [centaur skeleton (4)]
  1257 | D:4      | Slain by a centaur skeleton

Vault maps used:
D:1:      moated_graveyard_arrival, serial_bayou_lagoon_a
D:2:      marbit_many_paths, old_standard_altar, first_bread
D:3:      nicolae_dithmenos_shadow_blocks, gammafunk_temple_overflow_statue,
          serial_bayou_pond_e
D:4:      enter_ossuary_2, kennysheep_cluttered_room, grunt_ministairs_14,
          serial_park_tiny_2, serial_park_tiny_2

Skill      XL: |  1  2 |
---------------+-------+-----
Long Blades    | 3 |  3.7
Stealth        | 2 |  2.4
Dodging        | 3 |  3.2
Fighting       | |  3.5

Action                   |  1- 3 |  4- 6 || total
-------------------------+-------+-------++-------
Melee: Falchion          |   104 |    25 ||   129
 Stab: Sleeping          |     7 |       ||     7
  Eat: Chunk             |       |     1 ||     1
Armor: Robe              |    16 |       ||    16
       Leather armour    |    14 |    11 ||    25
Dodge: Dodged            |    78 |    17 ||    95
       Rpst.: Falchion   |    23 |     6 ||    29

Table legend:
 A = Spawn XP
 B = Non-spawn XP
 C = Spawn XP percentage of total XP
 D = Spawn monster count
 E = Non-spawn monster count
 F = Spawn count percentage of total count
 G = Total turns spent on level
                    A         B        C        D         E        F      G
               +---------+---------+-------+---------+---------+-------+---------
         Total |       0 |     139 |   0.0 |       0 |      37 |   0.0 |  1257
               +---------+---------+-------+---------+---------+-------+---------
           D:1 |       0 |      17 |   0.0 |       0 |      10 |   0.0 |   218
           D:2 |       0 |      34 |   0.0 |       0 |      10 |   0.0 |   485
           D:3 |       0 |      43 |   0.0 |       0 |      12 |   0.0 |   484
           D:4 |       0 |      45 |   0.0 |       0 |       5 |   0.0 |    70
               +---------+---------+-------+---------+---------+-------+---------
